AoeStats
← rafoBR

Black Forest

509957095Analyzed
4v4 RM · 4d ago on Sep 28, 2026· 35m 12s· 8 players
Game mode
Random Map
Map size
Large (8 player)
Population
200
Speed
Normal
Resources
Standard
Victory
Conquest
Starting age
Dark Age
Ending age
Imperial Age
RankedLock teamsTeams togetherTeam positionsShared explorationLock speedFull tech treeHidden civsTurbo modeCheats
Victory
Defeat
🇹🇷 Turks · Türkiye
1250
+15
🇹🇷 Italians · Türkiye
1229
+16
1202
+17
🇹🇷 Persians · Türkiye
1180
+18
🇨🇳 Varangians · China
1249
-17
🇫🇷 Bohemians · France
1226
-17
🇭🇷 Turks · Croatia
1219
-16
🇧🇷 Persians · Brazil
1206
-16
OTTOMAN EMPİREEEEEEE5956
9:01 Loom
10:59 Feudal Age
14:51 Castle Age
17:35 Wheelbarrow
16:46 Town Watch
19:55 Double-Bit Axe
21:27 Gold Mining
21:51 Bow Saw
21:24 Horse Collar
23:51 Heavy Plow
25:06 Hand Cart
27:11 Scale Barding Armor
27:17 Forging
27:12 Husbandry
29:57 Imperial Age
27:49 Stone Mining
29:30 Bloodlines
29:43 Chain Barding Armor
29:59 Iron Casting
30:10 Cavalier
31:26 Plate Barding Armor
31:30 Caravan
32:08 Paladin
Yuri
12:12 Feudal Age
12:40 Feudal Age
16:18 Castle Age
14:36 Double-Bit Axe
14:38 Horse Collar
20:47 Imperial Age
22:04 Bow Saw
23:15 Padded Archer Armor
30:32 Leather Archer Armor
34:42 Ring Archer Armor
yusufcan5659
1:53 Loom
12:10 Feudal Age
18:02 Castle Age
15:50 Horse Collar
16:03 Double-Bit Axe
17:08 Stone Mining
19:36 Bow Saw
27:00 Wheelbarrow
27:25 Fletching
27:36 Padded Archer Armor
28:00 Ballistics
27:51 Fortified Wall
28:06 Ballistics
30:56 Imperial Age
29:23 Masonry
30:16 Gold Mining
31:04 Stone Shaft Mining
30:56 Leather Archer Armor
30:49 Bodkin Arrow
31:34 Hand Cart
32:24 Ring Archer Armor
33:03 Bracer
34:12 Chemistry
33:10 Murder Holes
32:39 Elite Genoese Crossbowman
33:46 Heavy Plow
34:08 Town Watch
HAWK JAMOKA5956
8:23 Loom
11:12 Feudal Age
16:13 Castle Age
14:25 Double-Bit Axe
14:33 Horse Collar
18:42 Bow Saw
19:38 Wheelbarrow
22:35 Heavy Plow
23:35 Gold Mining
26:26 Scale Barding Armor
26:32 Forging
27:09 Hand Cart
27:07 Husbandry
30:50 Imperial Age
29:01 Gold Shaft Mining
28:19 Stone Mining
28:42 Bloodlines
29:54 Iron Casting
29:40 Chain Barding Armor
29:22 Padded Archer Armor
29:48 Town Watch
30:53 Stone Shaft Mining
32:06 Two-Man Saw
31:50 Crop Rotation
30:44 Cavalier
34:20 Blast Furnace
33:11 Fletching
33:23 Scale Mail Armor
33:11 Savar
34:49 Plate Barding Armor
35:01 Citadels
35:17 Town Patrol
Jean Suir
5:39 Loom
11:29 Feudal Age
15:33 Castle Age
13:59 Double-Bit Axe
17:43 Horse Collar
21:45 Wheelbarrow
23:13 Bow Saw
24:11 Heavy Plow
30:23 Imperial Age
28:11 Hand Cart
28:20 Scale Mail Armor
28:31 Forging
29:23 Chemistry
28:43 Ballistics
28:08 Pikeman
28:48 Squires
28:34 Arson
30:35 Wagenburg Tactics
30:53 Houfnice
30:57 Halberdier
Melfish
0:49 Loom
10:58 Feudal Age
15:14 Wheelbarrow
18:18 Castle Age
17:07 Horse Collar
17:15 Double-Bit Axe
17:26 Gold Mining
17:42 Stone Mining
23:10 Gold Shaft Mining
25:53 Imperial Age
24:26 Bow Saw
25:59 Husbandry
26:41 Bloodlines
27:59 Scale Barding Armor
31:26 Chain Barding Armor
31:11 Town Watch
rafoBR
1:06 Loom
12:04 Feudal Age
16:09 Castle Age
15:16 Double-Bit Axe
25:27 Wheelbarrow
25:14 Fletching
26:07 Forging
28:27 Iron Casting
28:08 Scale Barding Armor
33:27 Imperial Age
出兵保護我~
1:07 Loom
12:10 Feudal Age
13:30 Wheelbarrow
14:00 Double-Bit Axe
13:59 Horse Collar
17:07 Castle Age
16:21 Stone Mining
17:15 Gold Mining
17:58 Bow Saw
18:11 Heavy Plow
21:38 Hand Cart
25:21 Gold Mining
26:32 Bloodlines
31:36 Imperial Age
29:14 Scale Barding Armor
29:19 Forging
30:27 Husbandry
30:30 Vendel Legacy
32:11 Stone Shaft Mining
32:00 Chain Barding Armor
32:58 Iron Casting
32:48 Conscription
31:49 Gothikon
32:24 Elite Jarl
34:20 Plate Barding Armor
33:17 Light Cavalry
36:08 Blast Furnace
Connection lost

Rejoining the realm…

Still unreachable

The connection could not be restored.

Session expired

The server has moved on; the page needs a fresh start.